 Dungeon Crawl Stone Soup version 0.20.1-1-g8b1a95d66d (webtiles) character file.

233 Jynx the Grave Robber (level 5, 0/35 HPs)
             Began as a Vampire Necromancer on Dec 24, 2017.
             Killed from afar by an orc wizard (8 damage)
             ... with a puff of flame
             ... on level 3 of the Dungeon on Dec 25, 2017.
             The game lasted 00:07:58 (3463 turns).

Jynx the Grave Robber (Vampire Necromancer)         Turns: 3463, Time: 00:07:58

Health: 0/35       AC:  2    Str:  7    XL:     5   Next: 74%
Magic:  0/9        EV: 13    Int: 17    God:
Gold:   128        SH:  0    Dex: 16    Spells: 4/9 levels left

rFire    . . .     SeeInvis +   e - +2 dagger
rCold    + . .     Gourm    .   (no shield)
rNeg     + + .     Faith    .   a - +0 robe
rPois    +         Spirit   .   (no helmet)
rElec    .         Reflect  .   (no cloak)
rCorr    .         Harm     .   (no gloves)
MR       .....                  (no boots)
Stlth    +++++.....             (no amulet)
Regen    0.1/turn               k - ring of stealth
MPRegen  0.2/turn               (no ring)

@: regenerating slowly, hasted, very quick
A: fangs 3, see invisible, unbreathing
a: Bat Form


You were on level 3 of the Dungeon.
You were thirsty.

You visited 1 branch of the dungeon, and saw 3 of its levels.

You collected 128 gold pieces.

Inventory:

Hand Weapons
 e - a +2 dagger (weapon)
Armour
 a - a +0 robe (worn)
Jewellery
 k - a ring of stealth (left hand)
Scrolls
 g - a scroll of enchant weapon
 i - 2 scrolls of remove curse
 j - a scroll of fog {unknown}
 o - 2 scrolls of immolation
Potions
 c - a potion of berserk rage {unknown}
 d - 2 potions of curing
 h - a potion of brilliance {unknown}
 l - a potion of mutation {unknown}
 m - a potion of degeneration {unknown}
 n - 2 potions of flight {unknown}
Books
 b - a book of Necromancy

   Spells                             Type                      Level
   a - Pain                           Necromancy                   1
   b - Animate Skeleton               Necromancy                   1
   c - Vampiric Draining              Necromancy                   3
   d - Regeneration                   Charms/Necromancy            3
   e - Animate Dead                   Necromancy                   4
   f - Control Undead                 Necromancy                   4


   Skills:
 + Level 2.2 Short Blades
 - Level 2.1 Dodging
 + Level 5.1 Stealth
 + Level 2.9 Spellcasting
 * Level 6.0 Necromancy


You had 4 spell levels left.
You knew the following spells:

 Your Spells              Type           Power        Failure   Level  Hunger
a - Pain                  Necr           ###.         1%          1    None
b - Animate Skeleton      Necr           N/A          1%          1    None
c - Vampiric Draining     Necr           ###.......   4%          3    ###....


Dungeon Overview and Level Annotations

Branches:
Dungeon (3/15)

Altars:


Innate Abilities, Weirdness & Mutations

You heal slowly.
You have razor-sharp teeth.
You have supernaturally acute eyesight. (SInv)
You can survive without breathing.


Message History

Confirm with . or Enter, or press ? or * to list all spells.
Aiming: Pain
Press: ? - help, Shift-Dir - straight line, f/p - orc
Aim: an orc (lightly wounded, chance to defeat MR: 92%)
The orc wizard writhes in agony!
The orc wizard hits you with a dagger.
* * * LOW HITPOINT WARNING * * *
Casting: Pain
Confirm with . or Enter, or press ? or * to list all spells.
You don't have enough magic to cast that spell.
Casting: Pain
Confirm with . or Enter, or press ? or * to list all spells.
You don't have enough magic to cast that spell.
Unknown command.
Okay, then.
You feel yourself speed up. The orc wizard barely misses you.
You closely miss the orc wizard.
The orc wizard is moderately wounded.
The orc wizard gestures at you while chanting.
The puff of flame hits you!
You die...

#......(... #.#
#.......... #.#
#.........# #.#
#.....[...# ##.#
#%........# .o.#
#.........# ...#
#.........# ...#
#####.........#####...#
...........)....@oo)..#
#####.........#####...#
##.......## ...#
##.....## ...# #######
...# ...# ####


You could see an orc wizard and an orc.

Vanquished Creatures
  Natasha (thrice) (D:2)
  A worker ant (D:2)
  4 adders
  An ooze (D:3)
  2 dart slugs (D:1)
  A leopard gecko (D:3)
  6 orcs (D:3)
  4 bats
  2 giant cockroaches
  12 goblins
  9 hobgoblins
  3 jackals (D:3)
  A quokka (D:3)
  3 ball pythons
  2 frilled lizards (D:1)
  14 kobolds
  19 rats
87 creatures vanquished.

Notes
Turn   | Place    | Note
-------+----------+-------------------------------------------
     0 | D:1      | Jynx the Vampire Necromancer began the quest for the Orb.
     0 | D:1      | Reached XP level 1. HP: 13/13 MP: 3/3
   311 | D:1      | Reached XP level 2. HP: 18/19 MP: 1/5
   858 | D:1      | Reached skill level 5 in Necromancy
   928 | D:1      | Learned a level 1 spell: Animate Skeleton
   976 | D:1      | Reached XP level 3. HP: 24/24 MP: 4/6
  1199 | D:2      | Noticed Natasha
  1204 | D:2      | Killed Natasha
  1204 | D:2      | Reached skill level 1 in Short Blades
  1456 | D:2      | Reached XP level 4. HP: 29/30 MP: 4/7
  1481 | D:2      | Learned a level 3 spell: Vampiric Draining
  1511 | D:2      | Noticed Natasha
  1515 | D:2      | Killed Natasha
  1740 | D:2      | Noticed Natasha
  1747 | D:2      | Killed Natasha
  1747 | D:2      | Reached XP level 5. HP: 23/35 MP: 0/9
  2621 | D:3      | Reached skill level 5 in Stealth
  3449 | D:3      | Reached skill level 6 in Necromancy
  3463 | D:3      | Killed from afar by an orc wizard

Skill      XL: |  1  2  3  4  5 |
---------------+----------------+-----
Necromancy     | 5 6 |  6.0
Short Blades   | 1 2 |  2.2
Stealth        | 4 5 |  5.1
Dodging        | |  2.1
Spellcasting   | |  2.9

Action                   |  1- 3 |  4- 6 || total
-------------------------+-------+-------++-------
Melee: Dagger            |    27 |    48 ||    75
       Bite              |     1 |     3 ||     4
 Cast: Pain              |    51 |    91 ||   142
       Animate Skeleton  |     1 |       ||     1
  Use: Scroll            |       |     8 ||     8
       Potion            |       |     1 ||     1
 Stab: Sleeping          |       |     3 ||     3
       Distracted        |       |     1 ||     1
  Eat: Corpse            |     2 |     5 ||     7
Armor: Robe              |     5 |     4 ||     9
Dodge: Dodged            |    21 |    31 ||    52
